Checkers 2 vs Gulls

Created - 2 octobre 2023 at 19:46

Goals
1 2 3 T
Checkers 2 0 2 1 3
Gulls 0 1 0 1
Shots
1 2 3 T
Checkers 2 10 13 6 29
Gulls 4 10 5 19

GoalsPenalties
1st period
No Goal
Hendrix Lapierre (ANA) for Interference (Minor) at 4:59
2nd period
1. Checkers 2 , Max Pacioretty 5 (Laurent Dauphin 8, Brett Ritchie 5) at 8:23
2. Gulls , Justin Bailey 2 (Hendrix Lapierre 1, Jake Livingstone 4) at 17:25 (PP)
3. Checkers 2 , Brett Ritchie 7 (Laurent Dauphin 9, Max Pacioretty 8) at 17:51
Brett Ritchie (SEA) for Hooking (Minor) at 16:13
3rd period
4. Checkers 2 , Nathan Walker 1 (Alex Belzile 1) at 1:26
No Penalty
Goalie Stats
David Rittich (SEA), 18 saves from 19 shots - (0,947), W, 8-2-0, 60:00 minutes
Louis Domingue (ANA), 26 saves from 29 shots - (0,897), L, 5-4-3, 60:00 minutes
3 StarsOfficial
1 - Max Pacioretty (SEA)
2 - Laurent Dauphin (SEA)
3 - Brett Ritchie (SEA)
Referees : Chris Lee and Brandon Blandina
Linesman : Matt MacPherson and Kilian McNamara
Game Note
No Game Note



Team Name Goals Shots Shots Attemp Shots Blocked PIM HIT PP PK FO%
Checkers 2 3296812230 / 1 (0%)166%
Gulls 11931152161 / 1 (100%)034%

Checkers 2
Player Name POS G A P +/- PIM HIT SHT SB MP PP MP PP SHT PK MP PK SHT FO% FOT GA TA
Alex BelzileC/RW011002108:070:0000:4400% 010
Alex GalchenyukC/LW/RW0001001017:270:4100:00064% 1100
Brett RitchieRW1122226121:501:1800:000100% 110
Cale FleuryD0002000020:040:2800:1800% 000
Colton WhiteD0001013023:091:0010:0000% 000
Conor TimminsD0002011022:330:5900:5400% 010
Hudson FaschingRW0000012016:060:0000:0000% 000
Jake ChristiansenD000000000:000:0000:0000% 000
Joel HanleyD0001000025:471:3100:5400% 002
Joel KivirantaLW/RW0001010017:290:4100:4400% 000
Laurent DauphinC0222040019:551:1800:00068% 2211
Martin KautRW000001108:260:0000:0000% 010
Max PaciorettyLW1122054019:081:1820:0000% 200
Nathan WalkerLW1011035015:410:4100:0000% 000
Scott HarringtonD0000001014:270:0000:1800% 000
Sheldon DriesC0000012017:230:0000:28075% 820
Victor MeteD0000010014:000:0000:0000% 000
Wayne SimmondsLW/RW0000002017:150:0000:2800% 000
Gulls
Player Name POS G A P +/- PIM HIT SHT SB MP PP MP PP SHT PK MP PK SHT FO% FOT GA TA
Alex VlasicD000-1001223:400:0001:1000% 011
Egor SokolovLW000-2014224:560:5701:13033% 302
Guillaume BriseboisD000000017:340:0000:0700% 000
Hendrix LapierreC011-1221020:490:2410:00031% 1600
Jacob Bernard-DockerD000-2022122:371:1211:2400% 011
Jake LivingstoneD011-1011124:211:1201:1700% 000
Justin BaileyRW101-1013117:190:1520:0000% 200
Kale HowarthLW0000000110:000:0000:0000% 001
Matthew KniesLW000-2025025:380:5711:13044% 901
Samuel BolducD0000000213:380:0000:0000% 000
Vincent ArseneauLW000-1030020:500:1500:4600% 000
Vitali KravtsovLW/RW000-1011220:330:4800:00031% 1300
Wyatt BongiovanniC000-1000018:240:0000:4600% 000
Xavier ParentC/LW/RW000001007:130:0000:0000% 000
Yanni KaldisD000-2001117:060:0000:0000% 010
Zach GiuttariD0000010113:320:0000:0000% 000
Zach SolowRW000001007:560:0000:0000% 001
Zach TsekosC000000001:540:0000:000100% 100

Checkers 2

5 vs 5 Forward
Line #Left WingCenterRight WingPHYDFOFWanted %Time %Time Play
1Max PaciorettyLaurent DauphinBrett Ritchie0234532%17:58
2Nathan WalkerAlex GalchenyukJoel Kiviranta0233027%15:22
3Wayne SimmondsSheldon DriesHudson Fasching0322028%16:06
4Brett RitchieAlex BelzileMartin Kaut032513%7:23
5 vs 5 Defense
Line #DefenseDefensePHYDFOFWanted %Time %Time Play
1Joel HanleyColton White0325039%22:09
2Conor TimminsCale Fleury0323033%18:55
3Scott HarringtonVictor Mete0321025%14:00
4Joel HanleyConor Timmins032103%1:45
Power Play Forward
Line #Left WingCenterRight WingPHYDFOFWanted %Time %Time Play
1Max PaciorettyLaurent DauphinBrett Ritchie0236066%1:18
2Nathan WalkerAlex GalchenyukJoel Kiviranta0234034%0:41
Power Play Defense
Line #DefenseDefensePHYDFOFWanted %Time %Time Play
1Joel HanleyColton White0236050%1:00
2Conor TimminsJoel Hanley0234050%0:59
Penalty Kill 4 Players Forward
Line #CenterWingPHYDFOFWanted %Time %Time Play
1Sheldon DriesWayne Simmonds0505039%0:28
2Alex BelzileJoel Kiviranta0505061%0:44
Penalty Kill 4 Players Defense
Line #DefenseDefensePHYDFOFWanted %Time %Time Play
1Joel HanleyConor Timmins1316075%0:54
2Scott HarringtonCale Fleury1314025%0:18
Penalty Kill 3 Players
Line #WingPHYDFOFWanted %Time %Time PlayDefenseDefensePHYDFOFWanted %Time %Time Play
1Wayne Simmonds050600%0:00 Joel HanleyConor Timmins041600%0:00
2Hudson Fasching050400%0:00 Scott HarringtonCale Fleury041400%0:00
4 vs 4 Forward
Line #CenterWingPHYDFOFWanted %Time %Time Play
1Laurent DauphinNathan Walker032500%0:00
2Alex GalchenyukJoel Kiviranta032500%0:00
4 vs 4 Defense
Line #DefensePHYDFOFWanted %Time %Time Play
1Joel HanleyColton White032600%0:00
2Conor TimminsCale Fleury032400%0:00
Last Minutes Offensive
Left WingCenterRight WingDefenseDefense
Max PaciorettyAlex GalchenyukBrett RitchieJoel HanleyColton White
Last Minutes Defensive
Left WingCenterRight WingDefenseDefense
Nathan WalkerLaurent DauphinJoel KivirantaConor TimminsScott Harrington
Time
Total ForwardTotal DefenseLast Minutes OffensiveLast Minutes Defensive
60:00 60:00 0:000:00
Extra Forwards
Normal PowerPlayPenalty Kill
Alex Galchenyuk, Laurent Dauphin, Brett RitchieAlex Galchenyuk, Brett RitchieNathan Walker
Extra Defensemen
Normal PowerPlayPenalty Kill
Joel Hanley, Conor Timmins, Scott HarringtonJoel Hanley, Conor TimminsScott Harrington
Penalty Shots
Max Pacioretty, Alex Galchenyuk, Brett Ritchie, Nathan Walker, Laurent Dauphin
Goalie
David Rittich, Pavel Francouz
Scratches
Gage Quinney (Healthy), Michael Del Zotto (Healthy), Xavier Ouellet (Healthy), Jeremy Davies (Healthy), Michael Carcone (Healthy) Mikhail Maltsev (Healthy), Noah Juulsen (Healthy), Nate Thompson (Healthy), Radim Zohorna (Healthy), Patrick Guay (Healthy) Maxime Lagace (Healthy), Zach Sawchenko (Healthy)

Gulls

5 vs 5 Forward
Line #Left WingCenterRight WingPHYDFOFWanted %Time %Time Play
1Matthew KniesVitali KravtsovEgor Sokolov0144032%18:21
2Egor SokolovHendrix LapierreMatthew Knies0143532%18:08
3Matthew KniesEgor SokolovJustin Bailey1221514%7:50
4Vincent ArseneauMatthew KniesWyatt Bongiovanni1221022%12:30
5 vs 5 Defense
Line #DefenseDefensePHYDFOFWanted %Time %Time Play
1Alex VlasicJake Livingstone1224039%22:12
2Jacob Bernard-DockerYanni Kaldis1223029%16:15
3Samuel BolducZach Giuttari1222024%13:22
4Guillaume BriseboisJacob Bernard-Docker122109%5:00
Power Play Forward
Line #Left WingCenterRight WingPHYDFOFWanted %Time %Time Play
1Egor SokolovVitali KravtsovMatthew Knies0056067%0:48
2Egor SokolovHendrix LapierreMatthew Knies0144033%0:24
Power Play Defense
Line #DefenseDefensePHYDFOFWanted %Time %Time Play
1Jacob Bernard-DockerJake Livingstone12260100%1:12
2Jacob Bernard-DockerAlex Vlasic122400%0:00
Penalty Kill 4 Players Forward
Line #CenterWingPHYDFOFWanted %Time %Time Play
1Matthew KniesEgor Sokolov1226083%1:39
2Matthew KniesEgor Sokolov1224017%0:20
Penalty Kill 4 Players Defense
Line #DefenseDefensePHYDFOFWanted %Time %Time Play
1Jacob Bernard-DockerAlex Vlasic1226059%1:10
2Jacob Bernard-DockerJake Livingstone1224041%0:49
Penalty Kill 3 Players
Line #WingPHYDFOFWanted %Time %Time PlayDefenseDefensePHYDFOFWanted %Time %Time Play
1Egor Sokolov122600%0:00 Alex VlasicJacob Bernard-Docker122600%0:00
2Egor Sokolov122400%0:00 Jacob Bernard-DockerZach Giuttari122400%0:00
4 vs 4 Forward
Line #CenterWingPHYDFOFWanted %Time %Time Play
1Matthew KniesEgor Sokolov122600%0:00
2Matthew KniesEgor Sokolov122400%0:00
4 vs 4 Defense
Line #DefensePHYDFOFWanted %Time %Time Play
1Jacob Bernard-DockerJake Livingstone122600%0:00
2Jacob Bernard-DockerSamuel Bolduc122400%0:00
Last Minutes Offensive
Left WingCenterRight WingDefenseDefense
Matthew KniesVitali KravtsovEgor SokolovAlex VlasicJake Livingstone
Last Minutes Defensive
Left WingCenterRight WingDefenseDefense
Matthew KniesVitali KravtsovEgor SokolovAlex VlasicJake Livingstone
Time
Total ForwardTotal DefenseLast Minutes OffensiveLast Minutes Defensive
60:00 60:00 0:000:00
Extra Forwards
Normal PowerPlayPenalty Kill
Hendrix Lapierre, Egor Sokolov, Matthew KniesMatthew Knies, Egor SokolovEgor Sokolov
Extra Defensemen
Normal PowerPlayPenalty Kill
Yanni Kaldis, Jacob Bernard-Docker, Guillaume BriseboisAlex Vlasic, Jake LivingstoneJacob Bernard-Docker
Penalty Shots
Vitali Kravtsov, Justin Bailey, Hendrix Lapierre, Egor Sokolov, Matthew Knies
Goalie
Louis Domingue, Joey Daccord
Scratches
Andrew Poturalski (Broken Ribs Injury), Maxim Cajkovic (Healthy)


Play-by-Play

1st period


0:01 of 1st period - Laurent Dauphin wins face-off versus Vitali Kravtsov in neutral zone.
1:09 of 1st period - Zach Giuttari is hit by Joel Kiviranta and loses puck.
1:18 of 1st period - Snap shot by Nathan Walker.
1:18 of 1st period - Shot Misses the Net.
2:08 of 1st period - Icing by Vincent Arseneau.
2:09 of 1st period - Alex Galchenyuk wins face-off versus Matthew Knies in Gulls zone.
2:26 of 1st period - Justin Bailey is hit by Laurent Dauphin and loses puck.
3:03 of 1st period - Joel Hanley is hit by Vitali Kravtsov and loses puck.
3:17 of 1st period - Colton White is hit by Zach Giuttari and loses puck.
4:18 of 1st period - Icing by Cale Fleury.
4:19 of 1st period - Alex Galchenyuk wins face-off versus Justin Bailey in Checkers 2 zone.
4:59 of 1st period - Minor Penalty to Hendrix Lapierre for Interference.
5:00 of 1st period - Brett Ritchie wins face-off versus Matthew Knies in Gulls zone.
5:00 of 1st period - Slapshot by Max Pacioretty.
5:00 of 1st period - Shot Misses the Net.
5:02 of 1st period - Snap shot by Colton White.
5:02 of 1st period - Stopped by Louis Domingue without a rebound.
5:03 of 1st period - Laurent Dauphin wins face-off versus Matthew Knies in Gulls zone.
6:00 of 1st period - Jake Livingstone is hit by Max Pacioretty and loses puck.
6:15 of 1st period - Snap shot by Max Pacioretty.
6:15 of 1st period - Stopped by Louis Domingue with a rebound.
6:17 of 1st period - Snap shot by Max Pacioretty.
6:17 of 1st period - Stopped by Louis Domingue without a rebound.
6:18 of 1st period - Matthew Knies wins face-off versus Alex Galchenyuk in Gulls zone.
6:59 of 1st period - Penalty to Hendrix Lapierre is over, Hendrix Lapierre is back on ice.
8:41 of 1st period - Colton White is hit by Egor Sokolov and loses puck.
12:46 of 1st period - Zach Solow is hit by Alex Belzile and loses puck.
13:37 of 1st period - Sheldon Dries is hit by Hendrix Lapierre and loses puck.
14:19 of 1st period - Slapshot by Alex Vlasic.
14:19 of 1st period - Stopped by David Rittich without a rebound.
14:20 of 1st period - Zach Tsekos wins face-off versus Alex Galchenyuk in Checkers 2 zone.
14:53 of 1st period - Egor Sokolov is hit by Colton White and loses puck.
15:39 of 1st period - Wrist shot by Sheldon Dries.
15:39 of 1st period - Shot Misses the Net.
15:41 of 1st period - Slapshot by Scott Harrington.
15:41 of 1st period - Stopped by Louis Domingue without a rebound.
15:42 of 1st period - Sheldon Dries wins face-off versus Vitali Kravtsov in Gulls zone.
15:43 of 1st period - Snap shot by Wayne Simmonds.
15:43 of 1st period - Shot Blocked by Jacob Bernard-Docker.
15:45 of 1st period - Slapshot by Hudson Fasching.
15:45 of 1st period - Shot Misses the Net.
15:47 of 1st period - Snap shot by Wayne Simmonds.
15:47 of 1st period - Stopped by Louis Domingue without a rebound.
15:48 of 1st period - Hendrix Lapierre wins face-off versus Max Pacioretty in Gulls zone.
15:57 of 1st period - Backhand shot by Egor Sokolov.
15:57 of 1st period - Shot Misses the Net.
15:59 of 1st period - Snap shot by Egor Sokolov.
15:59 of 1st period - Stopped by David Rittich without a rebound.
16:00 of 1st period - Laurent Dauphin wins face-off versus Vitali Kravtsov in Checkers 2 zone.
16:07 of 1st period - Slapshot by Egor Sokolov.
16:07 of 1st period - Shot Misses the Net.
16:11 of 1st period - Wrist shot by Matthew Knies.
16:11 of 1st period - Stopped by David Rittich with a rebound.
16:13 of 1st period - Snap shot by Vitali Kravtsov.
16:13 of 1st period - Stopped by David Rittich with a rebound.
16:15 of 1st period - Wrist shot by Vitali Kravtsov.
16:15 of 1st period - Shot Misses the Net.
16:25 of 1st period - Jacob Bernard-Docker is hit by Nathan Walker and loses puck.
16:34 of 1st period - Slapshot by Nathan Walker.
16:34 of 1st period - Stopped by Louis Domingue with a rebound.
16:36 of 1st period - Snap shot by Alex Galchenyuk.
16:36 of 1st period - Shot Misses the Net.
16:38 of 1st period - Snap shot by Nathan Walker.
16:38 of 1st period - Stopped by Louis Domingue with a rebound.
17:09 of 1st period - Snap shot by Sheldon Dries.
17:09 of 1st period - Deflect By Brett Ritchie.
17:09 of 1st period - Shot Misses the Net.
17:09 of 1st period - Puck is out of play.
17:10 of 1st period - Laurent Dauphin wins face-off versus Vitali Kravtsov in Gulls zone.
17:13 of 1st period - Snap shot by Laurent Dauphin.
17:13 of 1st period - Shot Blocked by Vitali Kravtsov.
17:17 of 1st period - Slapshot by Brett Ritchie.
17:17 of 1st period - Stopped by Louis Domingue without a rebound.
17:18 of 1st period - Laurent Dauphin wins face-off versus Hendrix Lapierre in Gulls zone.
17:30 of 1st period - Icing by Joel Hanley.
17:31 of 1st period - Matthew Knies wins face-off versus Laurent Dauphin in Checkers 2 zone.
17:32 of 1st period - Wrist shot by Vitali Kravtsov.
17:32 of 1st period - Shot Misses the Net.
17:44 of 1st period - Snap shot by Laurent Dauphin.
17:44 of 1st period - Shot Blocked by Vitali Kravtsov.
17:46 of 1st period - Slapshot by Colton White.
17:46 of 1st period - Stopped by Louis Domingue without a rebound.
17:47 of 1st period - Alex Galchenyuk wins face-off versus Hendrix Lapierre in Gulls zone.
18:14 of 1st period - Brett Ritchie is hit by Matthew Knies and loses puck.
18:31 of 1st period - Wrist shot by Sheldon Dries.
18:31 of 1st period - Shot Misses the Net.
18:33 of 1st period - Slapshot by Conor Timmins.
18:33 of 1st period - Stopped by Louis Domingue with a rebound.
19:41 of 1st period - Wrist shot by Sheldon Dries.
19:41 of 1st period - Shot Blocked by Samuel Bolduc.
Goals for this period are 0 for Checkers 2 vs 0 for Gulls.
Shots for this period are 10 for Checkers 2 vs 4 for Gulls.

2nd period


0:01 of 2nd period - Laurent Dauphin wins face-off versus Vitali Kravtsov in neutral zone.
0:12 of 2nd period - Jacob Bernard-Docker is hit by Max Pacioretty.
0:16 of 2nd period - Snap shot by Matthew Knies.
0:16 of 2nd period - Stopped by David Rittich without a rebound.
0:17 of 2nd period - Alex Galchenyuk wins face-off versus Hendrix Lapierre in Checkers 2 zone.
0:43 of 2nd period - Colton White is hit by Jake Livingstone and loses puck.
0:48 of 2nd period - Slapshot by Matthew Knies.
0:48 of 2nd period - Stopped by David Rittich without a rebound.
0:49 of 2nd period - Matthew Knies wins face-off versus Max Pacioretty in Checkers 2 zone.
0:49 of 2nd period - Yanni Kaldis is hit by Conor Timmins and loses puck.
1:06 of 2nd period - Snap shot by Laurent Dauphin.
1:06 of 2nd period - Shot Misses the Net.
2:29 of 2nd period - Snap shot by Wayne Simmonds.
2:29 of 2nd period - Stopped by Louis Domingue with a rebound.
2:31 of 2nd period - Slapshot by Alex Belzile.
2:31 of 2nd period - Stopped by Louis Domingue with a rebound.
2:33 of 2nd period - Wrist shot by Conor Timmins.
2:33 of 2nd period - Shot Blocked by Guillaume Brisebois.
2:35 of 2nd period - Snap shot by Martin Kaut.
2:35 of 2nd period - Deflect By Justin Bailey.
2:35 of 2nd period - Stopped by Louis Domingue with a rebound.
3:16 of 2nd period - Alex Vlasic is hit by Nathan Walker and loses puck.
3:49 of 2nd period - Martin Kaut is hit by Vincent Arseneau.
3:59 of 2nd period - Wrist shot by Sheldon Dries.
3:59 of 2nd period - Shot Misses the Net.
4:19 of 2nd period - Wrist shot by Wayne Simmonds.
4:19 of 2nd period - Shot Misses the Net.
4:21 of 2nd period - Slapshot by Cale Fleury.
4:21 of 2nd period - Shot Blocked by Yanni Kaldis.
4:23 of 2nd period - Snap shot by Alex Galchenyuk.
4:23 of 2nd period - Shot Misses the Net.
4:33 of 2nd period - Max Pacioretty is hit by Jacob Bernard-Docker.
6:27 of 2nd period - Samuel Bolduc is hit by Brett Ritchie and loses puck.
6:54 of 2nd period - Xavier Parent is hit by Max Pacioretty and loses puck.
8:09 of 2nd period - Icing by Conor Timmins.
8:10 of 2nd period - Egor Sokolov wins face-off versus Sheldon Dries in Checkers 2 zone.
8:23 of 2nd period - Slapshot by Max Pacioretty.
8:23 of 2nd period - Goal by Max Pacioretty - Checkers 2 : 1 - Gulls : 0.
8:24 of 2nd period - Hendrix Lapierre wins face-off versus Laurent Dauphin in neutral zone.
8:27 of 2nd period - Slapshot by Jake Livingstone.
8:27 of 2nd period - Shot Misses the Net.
8:29 of 2nd period - Slapshot by Alex Vlasic.
8:29 of 2nd period - Shot Blocked by Brett Ritchie.
8:31 of 2nd period - Slapshot by Jake Livingstone.
8:31 of 2nd period - Stopped by David Rittich without a rebound.
8:32 of 2nd period - Hendrix Lapierre wins face-off versus Laurent Dauphin in Checkers 2 zone.
8:47 of 2nd period - Wrist shot by Egor Sokolov.
8:47 of 2nd period - Shot Misses the Net.
9:39 of 2nd period - Vitali Kravtsov is hit by Nathan Walker and loses puck.
10:27 of 2nd period - Justin Bailey is hit by Victor Mete and loses puck.
10:59 of 2nd period - Jake Livingstone is hit by Martin Kaut and loses puck.
11:56 of 2nd period - Off-side.
11:57 of 2nd period - Vitali Kravtsov wins face-off versus Alex Galchenyuk in neutral zone.
12:42 of 2nd period - Wrist shot by Nathan Walker.
12:42 of 2nd period - Shot Blocked by Justin Bailey.
12:44 of 2nd period - Backhand shot by Nathan Walker.
12:44 of 2nd period - Stopped by Louis Domingue with a rebound.
12:46 of 2nd period - Snap shot by Alex Galchenyuk.
12:46 of 2nd period - Shot Misses the Net.
12:48 of 2nd period - Snap shot by Alex Galchenyuk.
12:48 of 2nd period - Shot Blocked by Alex Vlasic.
12:50 of 2nd period - Snap shot by Joel Kiviranta.
12:50 of 2nd period - Deflect By Nathan Walker.
12:50 of 2nd period - Shot Blocked by Kale Howarth.
12:50 of 2nd period - Puck is out of play.
12:51 of 2nd period - Laurent Dauphin wins face-off versus Matthew Knies in Gulls zone.
13:49 of 2nd period - Icing by Laurent Dauphin.
13:50 of 2nd period - Alex Galchenyuk wins face-off versus Hendrix Lapierre in Checkers 2 zone.
13:50 of 2nd period - Alex Galchenyuk is hit by Jacob Bernard-Docker.
13:58 of 2nd period - Snap shot by Nathan Walker.
13:58 of 2nd period - Stopped by Louis Domingue with a rebound.
14:00 of 2nd period - Snap shot by Nathan Walker.
14:00 of 2nd period - Shot Hit the Post.
14:02 of 2nd period - Snap shot by Alex Galchenyuk.
14:02 of 2nd period - Stopped by Louis Domingue without a rebound.
14:03 of 2nd period - Laurent Dauphin wins face-off versus Egor Sokolov in Gulls zone.
14:48 of 2nd period - Wrist shot by Wyatt Bongiovanni.
14:48 of 2nd period - Shot Misses the Net.
14:50 of 2nd period - Snap shot by Yanni Kaldis.
14:50 of 2nd period - Stopped by David Rittich without a rebound.
14:51 of 2nd period - Sheldon Dries wins face-off versus Vitali Kravtsov in Checkers 2 zone.
14:58 of 2nd period - Backhand shot by Egor Sokolov.
14:58 of 2nd period - Stopped by David Rittich with a rebound.
15:18 of 2nd period - Joel Hanley is hit by Vincent Arseneau and loses puck.
15:59 of 2nd period - Snap shot by Max Pacioretty.
15:59 of 2nd period - Deflect By Brett Ritchie.
15:59 of 2nd period - Stopped by Louis Domingue without a rebound.
16:00 of 2nd period - Vitali Kravtsov wins face-off versus Laurent Dauphin in Gulls zone.
16:02 of 2nd period - Icing by Yanni Kaldis.
16:03 of 2nd period - Vitali Kravtsov wins face-off versus Laurent Dauphin in Gulls zone.
16:13 of 2nd period - Minor Penalty to Brett Ritchie for Hooking.
16:14 of 2nd period - Sheldon Dries wins face-off versus Vitali Kravtsov in Checkers 2 zone.
16:28 of 2nd period - Slapshot by Jacob Bernard-Docker.
16:28 of 2nd period - Shot Misses the Net.
16:30 of 2nd period - Slapshot by Jacob Bernard-Docker.
16:30 of 2nd period - Stopped by David Rittich without a rebound.
16:31 of 2nd period - Vitali Kravtsov wins face-off versus Sheldon Dries in Checkers 2 zone.
16:32 of 2nd period - Wrist shot by Matthew Knies.
16:32 of 2nd period - Stopped by David Rittich without a rebound.
16:33 of 2nd period - Sheldon Dries wins face-off versus Vitali Kravtsov in Checkers 2 zone.
17:14 of 2nd period - Cale Fleury is hit by Hendrix Lapierre and loses puck.
17:19 of 2nd period - Slapshot by Jake Livingstone.
17:19 of 2nd period - Shot Misses the Net.
17:21 of 2nd period - Snap shot by Hendrix Lapierre.
17:21 of 2nd period - Stopped by David Rittich with a rebound.
17:23 of 2nd period - Slapshot by Justin Bailey.
17:23 of 2nd period - Stopped by David Rittich with a rebound.
17:25 of 2nd period - Snap shot by Justin Bailey.
17:25 of 2nd period - Goal by Justin Bailey - Checkers 2 : 1 - Gulls : 1.
17:26 of 2nd period - Hendrix Lapierre wins face-off versus Laurent Dauphin in neutral zone.
17:35 of 2nd period - Slapshot by Brett Ritchie.
17:35 of 2nd period - Stopped by Louis Domingue with a rebound.
17:37 of 2nd period - Slapshot by Max Pacioretty.
17:37 of 2nd period - Stopped by Louis Domingue without a rebound.
17:38 of 2nd period - Laurent Dauphin wins face-off versus Hendrix Lapierre in Gulls zone.
17:45 of 2nd period - Slapshot by Brett Ritchie.
17:45 of 2nd period - Stopped by Louis Domingue with a rebound.
17:47 of 2nd period - Wrist shot by Laurent Dauphin.
17:47 of 2nd period - Shot Blocked by Egor Sokolov.
17:49 of 2nd period - Wrist shot by Laurent Dauphin.
17:49 of 2nd period - Shot Misses the Net.
17:51 of 2nd period - Snap shot by Brett Ritchie.
17:51 of 2nd period - Goal by Brett Ritchie - Checkers 2 : 2 - Gulls : 1.
17:52 of 2nd period - Laurent Dauphin wins face-off versus Hendrix Lapierre in neutral zone.
17:57 of 2nd period - Wrist shot by Colton White.
17:57 of 2nd period - Shot Misses the Net.
18:22 of 2nd period - Icing by Vincent Arseneau.
18:23 of 2nd period - Alex Galchenyuk wins face-off versus Matthew Knies in Gulls zone.
18:49 of 2nd period - Alex Vlasic is hit by Max Pacioretty and loses puck.
19:08 of 2nd period - Snap shot by Wayne Simmonds.
19:08 of 2nd period - Shot Blocked by Egor Sokolov.
19:10 of 2nd period - Slapshot by Conor Timmins.
19:10 of 2nd period - Shot Blocked by Samuel Bolduc.
19:12 of 2nd period - Backhand shot by Wayne Simmonds.
19:12 of 2nd period - Deflect By Hudson Fasching.
19:12 of 2nd period - Stopped by Louis Domingue with a rebound.
19:14 of 2nd period - Slapshot by Conor Timmins.
19:14 of 2nd period - Deflect By Hudson Fasching.
19:14 of 2nd period - Shot Misses the Net.
19:14 of 2nd period - Puck is out of play.
19:15 of 2nd period - Matthew Knies wins face-off versus Laurent Dauphin in Gulls zone.
Goals for this period are 2 for Checkers 2 vs 1 for Gulls.
Shots for this period are 13 for Checkers 2 vs 10 for Gulls.

3rd period


0:01 of 3rd period - Laurent Dauphin wins face-off versus Hendrix Lapierre in neutral zone.
0:05 of 3rd period - Off-side.
0:06 of 3rd period - Laurent Dauphin wins face-off versus Hendrix Lapierre in neutral zone.
0:17 of 3rd period - Slapshot by Brett Ritchie.
0:17 of 3rd period - Shot Misses the Net.
0:19 of 3rd period - Snap shot by Colton White.
0:19 of 3rd period - Stopped by Louis Domingue with a rebound.
0:21 of 3rd period - Slapshot by Joel Hanley.
0:21 of 3rd period - Deflect By Brett Ritchie.
0:21 of 3rd period - Stopped by Louis Domingue with a rebound.
0:23 of 3rd period - Snap shot by Laurent Dauphin.
0:23 of 3rd period - Shot Misses the Net.
0:55 of 3rd period - Snap shot by Sheldon Dries.
0:55 of 3rd period - Shot Misses the Net.
0:57 of 3rd period - Wrist shot by Wayne Simmonds.
0:57 of 3rd period - Shot Misses the Net.
0:59 of 3rd period - Wrist shot by Cale Fleury.
0:59 of 3rd period - Shot Blocked by Alex Vlasic.
1:13 of 3rd period - Vitali Kravtsov is hit by Alex Belzile and loses puck.
1:26 of 3rd period - Wrist shot by Nathan Walker.
1:26 of 3rd period - Goal by Nathan Walker - Checkers 2 : 3 - Gulls : 1.
1:27 of 3rd period - Laurent Dauphin wins face-off versus Vitali Kravtsov in neutral zone.
2:08 of 3rd period - Wrist shot by Wayne Simmonds.
2:08 of 3rd period - Deflect By Sheldon Dries.
2:08 of 3rd period - Shot Misses the Net.
2:08 of 3rd period - Puck is out of play.
2:09 of 3rd period - Sheldon Dries wins face-off versus Egor Sokolov in Gulls zone.
2:10 of 3rd period - Snap shot by Hudson Fasching.
2:10 of 3rd period - Stopped by Louis Domingue with a rebound.
2:22 of 3rd period - Wrist shot by Sheldon Dries.
2:22 of 3rd period - Stopped by Louis Domingue with a rebound.
2:24 of 3rd period - Slapshot by Cale Fleury.
2:24 of 3rd period - Shot Blocked by Jake Livingstone.
2:32 of 3rd period - Wrist shot by Sheldon Dries.
2:32 of 3rd period - Stopped by Louis Domingue with a rebound.
2:34 of 3rd period - Wrist shot by Hudson Fasching.
2:34 of 3rd period - Shot Misses the Net.
3:53 of 3rd period - Snap shot by Vitali Kravtsov.
3:53 of 3rd period - Shot Misses the Net.
3:55 of 3rd period - Slapshot by Jake Livingstone.
3:55 of 3rd period - Shot Misses the Net.
4:01 of 3rd period - Snap shot by Egor Sokolov.
4:01 of 3rd period - Stopped by David Rittich with a rebound.
4:03 of 3rd period - Wrist shot by Matthew Knies.
4:03 of 3rd period - Deflect By Egor Sokolov.
4:03 of 3rd period - Stopped by David Rittich with a rebound.
4:05 of 3rd period - Slapshot by Matthew Knies.
4:05 of 3rd period - Stopped by David Rittich without a rebound.
4:06 of 3rd period - Laurent Dauphin wins face-off versus Hendrix Lapierre in Checkers 2 zone.
4:17 of 3rd period - Wyatt Bongiovanni is hit by Max Pacioretty and loses puck.
4:44 of 3rd period - Slapshot by Zach Giuttari.
4:44 of 3rd period - Deflect By Justin Bailey.
4:44 of 3rd period - Stopped by David Rittich with a rebound.
5:04 of 3rd period - Slapshot by Martin Kaut.
5:04 of 3rd period - Shot Blocked by Zach Giuttari.
7:19 of 3rd period - Zach Solow is hit by Sheldon Dries and loses puck.
8:31 of 3rd period - Nathan Walker is hit by Justin Bailey and loses puck.
9:34 of 3rd period - Victor Mete is hit by Zach Solow and loses puck.
9:59 of 3rd period - Jake Livingstone is hit by Laurent Dauphin and loses puck.
10:41 of 3rd period - Icing by Jacob Bernard-Docker.
10:42 of 3rd period - Laurent Dauphin wins face-off versus Hendrix Lapierre in Gulls zone.
11:11 of 3rd period - Vincent Arseneau is hit by Hudson Fasching and loses puck.
12:22 of 3rd period - Joel Hanley is hit by Matthew Knies and loses puck.
13:08 of 3rd period - Off-side.
13:09 of 3rd period - Sheldon Dries wins face-off versus Justin Bailey in neutral zone.
13:31 of 3rd period - Yanni Kaldis is hit by Laurent Dauphin and loses puck.
13:47 of 3rd period - Icing by Yanni Kaldis.
13:48 of 3rd period - Hendrix Lapierre wins face-off versus Alex Galchenyuk in Gulls zone.
13:53 of 3rd period - Slapshot by Jacob Bernard-Docker.
13:53 of 3rd period - Stopped by David Rittich without a rebound.
13:54 of 3rd period - Alex Galchenyuk wins face-off versus Hendrix Lapierre in Checkers 2 zone.
14:19 of 3rd period - Laurent Dauphin is hit by Vincent Arseneau and loses puck.
14:50 of 3rd period - Wrist shot by Nathan Walker.
14:50 of 3rd period - Shot Misses the Net.
16:50 of 3rd period - Vincent Arseneau is hit by Brett Ritchie and loses puck.
17:46 of 3rd period - Kale Howarth is hit by Laurent Dauphin.
18:22 of 3rd period - Wrist shot by Martin Kaut.
18:22 of 3rd period - Shot Hit the Post.
18:47 of 3rd period - Victor Mete is hit by Xavier Parent and loses puck.
Goals for this period are 1 for Checkers 2 vs 0 for Gulls.
Shots for this period are 6 for Checkers 2 vs 5 for Gulls.